 Dungeon Crawl Stone Soup version 0.19-a0-1268-g6c5d9f8 (console) character file.

115 flowsnake the Grasshopper (level 4, -1/37 HPs)
             Began as a Centaur Warper on Aug 29, 2016.
             Killed by nerve-wracking pain
             ... invoked by Jessica
              (11 damage)
             ... on level 3 of the Dungeon.
             The game lasted 00:10:02 (2052 turns).

flowsnake the Grasshopper (Centaur Warper)          Turns: 2052, Time: 00:10:03

Health: -1/37      AC:  7    Str: 14    XL:     4   Next: 68%
Magic:  7/7        EV:  9    Int: 13    God:
Gold:   221        SH:  2    Dex:  8    Spells: 3 memorised, 2 levels left

rFire  . . .     SeeInvis .     a - +0 falchion
rCold  . . .     Gourm    .     b - +0 leather armour
rNeg   . . .     Faith    .     t - +0 buckler
rPois  .         Spirit   .     h - +1 helmet
rElec  .         Dismiss  .     k - +0 cloak
rCorr  .         Reflect  .     (no gloves)
MR     .....     Harm     .     (no barding)
Stlth  ..........               (no amulet)
                                (no ring)
                                (no ring)

@: very quick
A: hooves 3, deformed body, speed 2, tough skin 3
a: no special abilities


You were on level 3 of the Dungeon.
You were not hungry.

You visited 1 branch of the dungeon, and saw 3 of its levels.

You collected 221 gold pieces.

Inventory:

Hand Weapons
 a - a +0 falchion (weapon)
Missiles
 e - 5 tomahawks of dispersal (quivered)
 p - 5 tomahawks
Armour
 b - a +0 leather armour (worn)
 h - a +1 helmet (worn)
 k - a +0 cloak (worn)
 t - a +0 buckler (worn)
Jewellery
 g - a cursed ring of teleportation
Scrolls
 d - 3 scrolls of blinking
 o - a scroll of recharging
Potions
 j - a potion of might {unknown}
 m - a potion of cure mutation {unknown}
 n - a potion of agility {unknown}
 s - a potion of lignification {unknown}
 u - 2 potions of berserk rage {unknown}
Books
 c - a book of Spatial Translocations

   Spells                             Type                      Level
   a - Apportation                    Translocation                1
   b - Blink                          Translocation                2
   c - Shroud of Golubria             Charms/Translocation         2
   d - Portal Projectile              Translocation                3
   e - Teleport Other                 Translocation                3
   f - Passage of Golubria            Translocation                4
Comestibles
 f - a bread ration
 i - 2 meat rations
 r - a beef jerky


   Skills:
 + Level 2.7 Fighting
 + Level 2.2 Long Blades
 - Level 1.2 Throwing
 - Level 0.6 Armour
 + Level 2.0 Dodging
 + Level 0.2 Stealth
 * Level 0.2 Shields
 + Level 2.0 Spellcasting
 * Level 0.6 Charms
 + Level 3.3 Translocations


You had 2 spell levels left.
You knew the following spells:

 Your Spells              Type           Power        Failure   Level  Hunger
a - Apportation           Tloc           #.........   14%         1    ##.....
b - Blink                 Tloc           N/A          21%         2    ###....
c - Shroud of Golubria    Chrm/Tloc      #.........   34%         2    ###....


Dungeon Overview and Level Annotations

Branches:
Dungeon (3/15)

Altars:

Annotations:
D:3 Jessica


Innate Abilities, Weirdness & Mutations

You have hooves in place of feet.
Armour fits poorly on your strangely shaped body.
You cover ground very quickly.
You have extremely tough skin. (AC +3)


Message History

Jessica casts a spell at you.
You barely resist. You hit Jessica. You kick Jessica, but do no damage.
Jessica is heavily wounded.
Jessica hits you with a dagger.
* * * LOW HITPOINT WARNING * * *
Jessica hits you with a dagger.
* * * LOW HITPOINT WARNING * * *
All of the chunks of flesh in your inventory have rotted away.
You feel better. Jessica hits you but does no damage.
You barely miss Jessica. Your kick misses Jessica.
Jessica is heavily wounded.
Jessica gestures wildly while chanting.
Jessica blinks!
You open the door.
An orc comes into view. It is wielding a trident.
The orc shouts!
Jessica gestures at you while chanting. Pain shoots through your body!
You die...

█·██··██··██·····█ █████·██·█ █·█··██
█··█·····██████████······█·█
█·█··████··█·····················█·█
█)██··██··██··············(········█
█··█······█··················████··██
█··██···@██··········(·······█ █···█
█··█····█···················█████··█
██··························██····>███████
██████··██··███··················██·█████·····█
·········@·██ █··················██···█ █·███·█
·······█·███ ███████············████>█ █···█·█
···█·█·█·█ █············█ █·█ ███·█·█
·█·█···█·█ █············█ █·█ █······ █·····█·█


██████████████ █·█ █·█·███ █·····c·█ █·█ █·█·█·· █·█···███ █·███·█···█ █···
████·█····<█·█ █··· █····█···█·█·█ █··· █·██·█···███·█ █··o █·████···█ █·█ ████
█·█ █··(███·· █·█ █········ █·████··███··· █···(···█ █··· █████···███···
█···█····█ █·███·██·█ █·····█··█ ███████·██ You could see Jessica and an orc.

Vanquished Creatures
  A giant frog skeleton (D:3)
  2 adders (D:2)
  2 oozes
  A dart slug (D:1)
  2 giant geckos
  6 orcs (D:3)
  5 ball pythons
  3 giant cockroaches (D:1)
  6 goblins
  4 hobgoblins
  4 kobolds
  4 bats
  3 giant newts
  8 rats
51 creatures vanquished.

Notes
Turn   | Place    | Note
-------+----------+-------------------------------------------
     0 | D:1      | flowsnake the Centaur Warper began the quest for the Orb.
     0 | D:1      | Reached XP level 1. HP: 17/17 MP: 3/3
   309 | D:1      | Reached XP level 2. HP: 18/24 MP: 4/4
   313 | D:1      | Learned a level 2 spell: Blink
   418 | D:1      | Reached skill level 3 in Translocations
   840 | D:1      | Reached XP level 3. HP: 28/29 MP: 0/5
   917 | D:2      | Learned a level 2 spell: Shroud of Golubria
  1084 | D:2      | Found a faded altar of an unknown god.
  1609 | D:3      | Reached XP level 4. HP: 34/37 MP: 3/6
  2029 | D:3      | Noticed Jessica
  2046 | D:3      | HP: 1/37 [Jessica/dagger (3)]
  2052 | D:3      | Killed from afar by Jessica

Vault maps used:
D:1:      lemuel_arrival_cross, minivault_14
D:2:      ecumenical_altar_1, grunt_ministairs_1
D:3:      first_bread, minmay_misc_feat_iff, uniq_jessica

Skill      XL: |  1  2  3  4 |
---------------+-------------+-----
Translocations | 3 |  3.3
Long Blades    | 2 |  2.2
Spellcasting   | 2 |  2.0
Dodging        | 2 |  2.0
Fighting       | |  2.7
Throwing       | |  1.2
Armour         | |  0.6
Stealth        | |  0.2
Shields        | |  0.2
Charms         | |  0.6

Action                   |  1- 3 |  4- 6 || total
-------------------------+-------+-------++-------
Melee: Falchion          |   135 |    50 ||   185
       Kick              |    17 |     6 ||    23
 Cast: Blink             |     1 |       ||     1
       Shroud of Golubri |     4 |     1 ||     5
  Use: Scroll            |     7 |     1 ||     8
       Potion            |       |     1 ||     1
  Eat: Chunk             |     2 |     1 ||     3
Armor: Leather armour    |    60 |    33 ||    93
Dodge: Dodged            |    45 |    20 ||    65
